 Dungeon Crawl Stone Soup version 0.26-a0-597-gb535b0901c (webtiles) character file.

Game seed: 6518466774327728107

219 vurker the Covert (level 5, -3/47 HPs)
             Began as a Gnoll Delver on Sept 13, 2020.
             Slain by a gnoll
             ... wielding a +0 halberd
              (6 damage)
             ... on level 3 of the Dungeon.
             The game lasted 00:04:37 (2836 turns).

vurker the Covert (Gnoll Delver)                    Turns: 2836, Time: 00:04:38

Health: -3/47      AC:  8    Str: 14    XL:     5   Next: 96%
Magic:  7/7        EV:  5    Int: 14    God:
Gold:   126        SH:  8    Dex: 16    Spells: 7/7 levels left

rFire    + . .     SeeInvis .   a - +0 hand axe
rCold    + . .     Faith    .   b - +0 kite shield
rNeg     . . .     Spirit   .   i - +0 chain mail
rPois    .         Reflect  .   (no helmet)
rElec    .         Harm     .   n - scarf {rC+ rF+}
rCorr    .                      (no gloves)
MR       .....                  (no boots)
Stlth    +.........             t - amulet of regeneration
HPRegen  0.55/turn              (no ring)
MPRegen  0.10/turn              (no ring)

@: no status effects
A: distributed training, fangs 1, strong nose
a: no special abilities


You were on level 3 of the Dungeon.
You visited 1 branch of the dungeon, and saw 5 of its levels.

You collected 126 gold pieces.

Inventory:

Hand Weapons
 a - a +0 hand axe (weapon)
 j - a +2 spear of venom
   (You found it on level 2 of the Dungeon)
Armour
 b - a +0 kite shield (worn)
   (You found it on level 4 of the Dungeon)
 i - a +0 chain mail (worn)
   (You found it on level 4 of the Dungeon)
 n - a scarf of resistance (worn)
   (You found it on level 1 of the Dungeon)
Jewellery
 t - an amulet of regeneration (around neck)
   (You found it on level 2 of the Dungeon)
Wands
 v - a wand of digging (3)
Scrolls
 c - a scroll of fog
 d - 2 scrolls of magic mapping
 e - 2 scrolls of fear
 h - 2 scrolls of remove curse {unknown}
 k - a scroll of random uselessness {unknown}
 l - 5 scrolls of teleportation {unknown}
 m - 9 scrolls of identify {unknown}
 o - 3 scrolls of enchant armour {unknown}
 p - a scroll of immolation {unknown}
 q - a scroll of blinking {unknown}
Potions
 f - a potion of haste
 g - a potion of heal wounds {unknown}
 r - 2 potions of cancellation {unknown}


   Skills:
 + Level 6.7 Fighting
 + Level 1.7 Short Blades
 + Level 1.7 Long Blades
 + Level 4.9 Axes
 + Level 1.7 Maces & Flails
 + Level 1.7 Polearms
 + Level 1.7 Staves
 + Level 1.7 Slings
 + Level 1.7 Bows
 + Level 1.7 Crossbows
 + Level 1.7 Throwing
 + Level 1.7 Armour
 + Level 4.9 Dodging
 + Level 9.7 Stealth
 + Level 1.7 Shields
 + Level 1.7 Unarmed Combat
 + Level 1.7 Spellcasting
 + Level 1.3 Conjurations
 + Level 1.3 Hexes
 + Level 1.3 Summonings
 + Level 1.3 Necromancy
 + Level 1.3 Translocations
 + Level 1.3 Transmutations
 + Level 1.3 Fire Magic
 + Level 1.3 Ice Magic
 + Level 1.3 Air Magic
 + Level 1.3 Earth Magic
 + Level 1.3 Poison Magic
 + Level 1.9 Invocations
 + Level 1.7 Evocations


You had 7 spell levels left.
You didn't know any spells.
Your spell library was empty.

Dungeon Overview and Level Annotations

Branches:
Dungeon (5/15)
 Temple: D:4-7

Altars:
Qazlal
Uskayaw
Wu Jian

Shops:
D:4 (

Annotations:
D:3 1 runed translucent door, viperstalker's ghost, amateur PaFi
D:5 Ijyb


Innate Abilities, Weirdness & Mutations

Your experience applies equally to all skills.
You have very sharp teeth.
Your uncanny sense of smell can sniff out nearby items.


Message History

a +0 flail; 3 boomerangs; a +0 leather armour A gnoll comes into view.
Found 3 gold pieces.
A gnoll is nearby!
A gnoll comes into view. It is wielding a +0 halberd.
The gnoll shouts! x2
Found a leather armour.
The gnoll hits you but does no damage.
You barely miss the gnoll. The gnoll barely misses you.
Your shield and chain mail prevent you from hitting the gnoll.
You block the gnoll's attack. The gnoll hits you.
You hit the gnoll. You bite the gnoll, but do no damage.
The gnoll hits you but does no damage. The gnoll hits you.
You barely miss the gnoll.
The gnoll hits you from afar with a +0 halberd!
The gnoll hits you.
Unknown command.
The gnoll hits you with a +0 halberd. The gnoll hits you.
You hit the gnoll but do no damage. x2; The gnoll hits you with a +0 halberd!
* * * LOW HITPOINT WARNING * * *
You block the gnoll's attack.
You hit the gnoll. x2; The gnoll hits you.
* * * LOW HITPOINT WARNING * * *
You block the gnoll's attack.
Unknown command.
You hit the gnoll but do no damage. You barely miss the gnoll.
The gnoll completely misses you. The gnoll hits you with a +0 halberd!
* * * LOW HITPOINT WARNING * * *
You block the gnoll's attack.
Unknown command.
You hit the gnoll. x2; The gnoll barely misses you.
The gnoll hits you.
* * * LOW HITPOINT WARNING * * *
You completely miss the gnoll. You bite the gnoll, but do no damage.
You barely miss the gnoll. The gnoll barely misses you.
You block the gnoll's attack.
You closely miss the gnoll. You hit the gnoll but do no damage.
The gnoll closely misses you. You block the gnoll's attack.
You closely miss the gnoll. x2; The gnoll barely misses you.
The gnoll hits you with a +0 halberd.
* * * LOW HITPOINT WARNING * * *
You hit the gnoll but do no damage. You barely miss the gnoll.
The gnoll barely misses you. The gnoll closely misses you.
You barely miss the gnoll. You hit the gnoll. The gnoll hits you.
* * * LOW HITPOINT WARNING * * *
You block the gnoll's attack.
You hit the gnoll. x2; The gnoll hits you but does no damage. x2
You hit the gnoll.
You kill the gnoll!
You closely miss the gnoll. The gnoll hits you with a +0 halberd.
You die...

... #.# #.....#
... #.# #####.##
#.#..## ... .#
#......#
#.#..###
#.[....#
#......#
#......#
###..#..#
#......#
###..##.#
#......# #.#..#
..+
#......###.#))#
.#
#....g@....#..#
.
#.......†......#
.#
#.##.#......#..#
∆ # ###.#.....#
#.......#∆
..#...#.#∆
......###.#
....... .#∆ ..
... $#∆


You could see a gnoll.

Vanquished Creatures
  A scorpion (D:2)
  A worker ant (D:3)
  5 gnolls
  A white imp (D:3)
  An ooze (D:1)
  An adder skeleton (D:4)
  3 worms
  2 leopard geckos
  An orc (D:3)
  10 giant cockroaches
  3 goblins
  6 hobgoblins
  3 jackals (D:1)
  12 kobolds
  A quokka (D:2)
  2 ball pythons
  7 bats
  3 frilled lizards
  A quokka skeleton (D:4)
  11 rats
75 creatures vanquished.

Notes
Turn   | Place    | Note
-------+----------+-------------------------------------------
     0 | D:5      | Reached skill level 9 in Stealth
     0 | D:5      | vurker the Gnoll Delver began the quest for the Orb.
     0 | D:5      | Reached XP level 1. HP: 23/23 MP: 1/1
    13 | D:5      | Noticed Ijyb
    53 | D:4      | Found a stormy altar of Qazlal.
   318 | D:4      | Noticed a scorpion
   425 | D:5      | Reached XP level 2. HP: 29/29 MP: 2/2
   434 | D:4      | Found an ornate altar of the Wu Jian Council.
   447 | D:4      | Found the +3 robe of Clouds {+Thunder rCloud rElec}
   456 | D:4      | Found Jaxedgho's Antique Weapon Boutique.
   485 | D:2      | Noticed a scorpion
   878 | D:1      | Reached XP level 3. HP: 30/35 MP: 3/3
  1212 | D:1      | Reached skill level 1 in Invocations
  1450 | D:2      | Reached skill level 1 in Short Blades
  1450 | D:2      | Reached skill level 1 in Long Blades
  1450 | D:2      | Reached skill level 1 in Maces & Flails
  1450 | D:2      | Reached skill level 1 in Polearms
  1450 | D:2      | Reached skill level 1 in Staves
  1450 | D:2      | Reached skill level 1 in Slings
  1450 | D:2      | Reached skill level 1 in Bows
  1450 | D:2      | Reached skill level 1 in Crossbows
  1450 | D:2      | Reached skill level 1 in Throwing
  1450 | D:2      | Reached skill level 1 in Armour
  1450 | D:2      | Reached skill level 1 in Shields
  1450 | D:2      | Reached skill level 1 in Unarmed Combat
  1450 | D:2      | Reached skill level 1 in Spellcasting
  1450 | D:2      | Reached skill level 1 in Evocations
  1461 | D:2      | Reached XP level 4. HP: 31/41 MP: 5/5
  1580 | D:2      | Reached skill level 1 in Conjurations
  1580 | D:2      | Reached skill level 1 in Hexes
  1580 | D:2      | Reached skill level 1 in Summonings
  1580 | D:2      | Reached skill level 1 in Necromancy
  1580 | D:2      | Reached skill level 1 in Translocations
  1580 | D:2      | Reached skill level 1 in Transmutations
  1580 | D:2      | Reached skill level 1 in Fire Magic
  1580 | D:2      | Reached skill level 1 in Ice Magic
  1580 | D:2      | Reached skill level 1 in Air Magic
  1580 | D:2      | Reached skill level 1 in Earth Magic
  1580 | D:2      | Reached skill level 1 in Poison Magic
  1730 | D:2      | Reached XP level 5. HP: 12/47 MP: 5/7
  1742 | D:1      | HP: 2/47 [poisoned by a scorpion]
  1747 | D:1      | HP: 2/47 [poisoned by a scorpion]
  1752 | D:1      | HP: 1/47 [poisoned by a scorpion]
  2643 | D:3      | Noticed a +0 hand axe
  2644 | D:3      | Noticed a +0 dagger
  2658 | D:3      | Found a hide-covered altar of Uskayaw.
  2700 | D:3      | Found a runed translucent door.
  2700 | D:3      | Noticed viperstalker's ghost (amateur PaFi)
  2832 | D:3      | HP: 2/47 [gnoll/+0 halberd (6)]
  2836 | D:3      | Slain by a gnoll

Illustrated notes

Levels and vault maps discovered:
D:1:      lightli_arrival_boilingwater, layout_loops_ring, bh_walls_and_bars
D:2:      minmay_roachtagon, layout_rooms
D:3:      minmay_razor_zed, layout_basic, dancing_weapons_uskayaw,
          gammafunk_ghost_grave
D:4:      layout_rooms, nicolae_qazlal_eye_of_the_storm, old_standard_altar,
          minmay_temple_entry_tees, serial_shops, shop_fountains,
          chequers_serial_rivers_small_b, uniq_blork_the_orc,
          uniq_crazy_yiuf_cottage
D:5:      layout_loops_ring, uniq_ijyb

Skill      XL: |  1  2  3  4 |
---------------+-------------+-----
Stealth        | |  9.7
Invocations    | 1 |  1.9
Short Blades   | 1 |  1.7
Long Blades    | 1 |  1.7
Maces & Flails | 1 |  1.7
Polearms       | 1 |  1.7
Staves         | 1 |  1.7
Slings         | 1 |  1.7
Bows           | 1 |  1.7
Crossbows      | 1 |  1.7
Throwing       | 1 |  1.7
Armour         | 1 |  1.7
Shields        | 1 |  1.7
Unarmed Combat | 1 |  1.7
Spellcasting   | 1 |  1.7
Evocations     | 1 |  1.7
Conjurations   | 1 |  1.3
Hexes          | 1 |  1.3
Summonings     | 1 |  1.3
Necromancy     | 1 |  1.3
Translocations | 1 |  1.3
Transmutations | 1 |  1.3
Fire Magic     | 1 |  1.3
Ice Magic      | 1 |  1.3
Air Magic      | 1 |  1.3
Earth Magic    | 1 |  1.3
Poison Magic   | 1 |  1.3
Fighting       | |  6.7
Axes           | |  4.9
Dodging        | |  4.9

Action                   |  1- 3 |  4- 6 || total
-------------------------+-------+-------++-------
Melee: Hand axe          |   129 |   134 ||   263
       Bite              |    16 |    16 ||    32
  Use: Potion            |       |     2 ||     2
 Stab: Sleeping          |     3 |       ||     3
Armor: Chain mail        |    68 |    69 ||   137
       Leather armour    |     1 |       ||     1
Dodge: Dodged            |    40 |    33 ||    73
Block: Kite shield       |    39 |    58 ||    97

Table legend: (Time is in decaauts)
 A = Elapsed time spent in this place.
 B = Non-inter-level travel time spent in this place.
 C = Inter-level travel time spent in this place.
 D = Time resting spent in this place.
 E = Time spent auto-exploring this place.
 F = Levels seen in this place.
 G = Mean time per level.
                   A        B        C        D        E       F      G
               +--------+--------+--------+--------+--------+-----+--------+
         Total |   2895 |   2815 |     80 |    438 |   1659 |   5 |  579.0 |
       Dungeon |   2895 |   2815 |     80 |    438 |   1659 |   5 |  579.0 |
               +--------+--------+--------+--------+--------+-----+--------+

Top non-repeatable levels by time:
     D:1: 1397 daAuts
     D:2: 669 daAuts
     D:4: 426 daAuts
     D:3: 357 daAuts
     D:5: 45 daAuts
